 Dungeon Crawl Stone Soup version 0.19-a0-1704-gbd66c22 (webtiles) character file.

52 kae the Insei (level 3, -2/29 HPs)
             Began as a Draconian Transmuter on Sept 27, 2016.
             Slain by a hobgoblin
             ... wielding a +0 club
             ... led by Robin
              (3 damage)
             ... on level 1 of the Dungeon.
             The game lasted 00:01:29 (1241 turns).

kae the Insei (Draconian Transmuter)                Turns: 1241, Time: 00:01:30

Health: -2/29      AC:  6    Str: 17    XL:     3   Next: 60%
Magic:  4/6        EV: 12    Int: 13    God:
Gold:   10         SH:  0    Dex: 12    Spells: 1 memorised, 5 levels left

rFire  . . .     SeeInvis .       - Unarmed
rCold  . . .     Gourm    .     (armour unavailable)
rNeg   . . .     Faith    .     (no shield)
rPois  .         Spirit   .     (helmet restricted)
rElec  .         Dismiss  .     (no cloak)
rCorr  .         Reflect  .     (no gloves)
MR     .....     Harm     .     (boots currently unavailable)
Stlth  +.........               (no amulet)
                                (no ring)
                                (no ring)

@: mighty, appendage, very slightly contaminated
A: unfitting armour, talons 3, cold-blooded, AC +5
a: End Transformation


You were on level 1 of the Dungeon.
You were not hungry.
You had grown temporary talons.
You visited 1 branch of the dungeon, and saw 2 of its levels.

You collected 10 gold pieces.

Inventory:

Missiles
 a - 29 arrows
Armour
 j - a +0 cloak
Scrolls
 f - a scroll of recharging {unknown}
 g - a scroll of identify {unknown}
 i - a scroll of magic mapping {unknown}
Potions
 h - a potion of berserk rage {unknown}
Books
 b - a book of Changes

   Spells                             Type                      Level
   a - Beastly Appendage              Transmutation                1
   b - Sticks to Snakes               Transmutation                2
   c - Spider Form                    Transmutation/Poison         3
   d - Ice Form                       Ice/Transmutation            4
   e - Blade Hands                    Transmutation                5
Comestibles
 c - a bread ration
 k - 2 chunks of flesh


   Skills:
 + Level 1.8 Fighting
 - Level 1.7 Dodging
 * Level 3.9 Unarmed Combat
 - Level 2.0 Spellcasting
 + Level 2.8 Transmutations


You had 5 spell levels left.
You knew the following spells:

 Your Spells              Type           Power        Failure   Level  Hunger
a - Beastly Appendage     Tmut           #.....       10%         1    ##.....


Dungeon Overview and Level Annotations

Branches:
Dungeon (2/15)

Altars:

Annotations:
D:2 Robin, Sigmund


Innate Abilities, Weirdness & Mutations

Your plain brown scales are hard. (AC +5)
You cannot fit into any form of body armour.
You are cold-blooded and may be slowed by cold attacks.
You have claws for feet.


Message History

* * * LOW HITPOINT WARNING * * *
You are too injured to fight recklessly!
You are too injured to fight recklessly!
You are too injured to fight recklessly!
You are too injured to fight recklessly!
You are too injured to fight recklessly!
Unknown command.
It was a potion of might.
You feel very mighty all of a sudden. The goblin hits you but does no damage.
It was a potion of cure mutation.
It has a very clean taste.
The hobgoblin barely misses you. The goblin hits you with a club.
* * * LOW HITPOINT WARNING * * *
You closely miss the goblin.
The goblin is heavily wounded.
The hobgoblin hits you with a club.
* * * LOW HITPOINT WARNING * * *
You closely miss the hobgoblin. The goblin closely misses you.
The hobgoblin hits you with a club.
You die...

#.####.....# #.# ##.##
#.##.......# #.# #..#
#.##.#.....# ####.###.##
.....#.....# #........#
#.##.#....## #.##.#.###
#.##.#.##.# #.#..).#
#.......#.######g#....#
####...........#g#l...#
.....#...#####.#@gS...#
#####......###.###g#########
#....#.........# ##...######
#........#.##### #..........
## #.##.#..##.# #......####
.# #..........# #####.....##
.# ####.####### #........##
.# ##.## ##.###....# .#
#..†# #.......#.#


You could see an adder, a hobgoblin, 3 goblins and a frilled lizard.

Vanquished Creatures
  A gnoll (D:1)
  An ooze (D:1)
  A dart slug (D:1)
  A leopard gecko (D:1)
  3 bats
  3 giant cockroaches (D:1)
  2 hobgoblins (D:1)
  3 jackals (D:1)
  A kobold (D:1)
  A ball python (D:1)
  A frilled lizard (D:1)
  10 goblins (D:1)
  6 rats (D:1)
34 creatures vanquished.

Notes
Turn   | Place    | Note
-------+----------+-------------------------------------------
     0 | D:1      | kae the Draconian Transmuter began the quest for the Orb.
     0 | D:1      | Reached XP level 1. HP: 16/16 MP: 3/3
   161 | D:1      | Reached XP level 2. HP: 17/23 MP: 5/5
   522 | D:1      | Reached XP level 3. HP: 14/28 MP: 6/6
   794 | D:2      | Noticed Robin
   794 | D:2      | Noticed Sigmund
  1240 | D:1      | HP: 1/29 [hobgoblin/club[Robin] (4)]
  1241 | D:1      | Slain by a hobgoblin

Vault maps used:
D:1:      eino_arrival_cavern_c
D:2:      lemuel_round_altar, uniq_robin, uniq_sigmund, uniq_iyjb

Action                   || total
-------------------------++-------
Melee: Unarmed           ||   132
       Tailslap          ||     7
       Headbutt          ||     2
       Punch             ||     1
 Cast: Beastly Appendage ||     5
  Use: Potion            ||     2
  Eat: Chunk             ||     1
Armor: Skin              ||    55
Dodge: Dodged            ||   108
